 Dungeon Crawl Stone Soup version 0.31.0-11-ge490571c62 (webtiles) character file.

Game seed: 7505693301249030387

12629 RancidPinata the Covert (level 11, 0/81 HPs)
             Began as an Octopode Delver on Feb 1, 2024.
             Was an Initiate of Ru.
             Slain by a centaur warrior (5 damage)
             ... on level 9 of the Dungeon on Feb 2, 2024.
             The game lasted 00:59:10 (12344 turns).

RancidPinata the Covert (Octopode Delver)          Turns: 12344, Time: 00:59:11

Health: 0/81       AC:  3    Str: 12    XL:     11   Next: 96%
Magic:  20/20      EV: 22    Int: 12    God:    Ru [......]
Gold:   375        SH:  0    Dex: 26    Spells: 8/10 levels left

rFire   . . .        A - +2 short sword (venom)
rCold   + + .        (no shield)
rNeg    . . .        T - +2 hat
rPois   +            (no amulet)
rElec   +            p - ring of ice
rCorr   +            v - ring of resist corrosion
SInv    .            F - ring of magical power
Will    .....        I - ring of poison resistance
Stlth   ++++++       S - +6 ring of dexterity
HPRegen 0.33/turn    (no ring)
MPRegen 0.17/turn    (no ring)
                     (no ring)

%: clarity
@: brilliant, resistant, attractive, hasted, very quick
A: almost no armour, amphibious, 8 rings, camouflage 1, gelatinous body 1,
(nimble swimmer 1), tentacles, agile 1, clarity
a: Renounce Religion


You were on level 9 of the Dungeon.
You worshipped Ru.
Ru was noncommittal.
You visited 2 branches of the dungeon, and saw 10 of its levels.
You also visited: Bailey.

You collected 375 gold pieces.

Inventory:

Hand Weapons
 n - a +0 short sword of venom
 s - a +2 dagger of flaming
 A - a +2 short sword of venom (weapon)
 Q - the +9 mace "Jellyslayer" {freeze, rF+}
   (You found it in a bailey)

   rF+:       It protects you from fire.
Missiles
 i - 30 poisoned darts
 m - 66 stones
 x - 3 silver javelins
 G - 4 boomerangs (quivered)
 K - 10 javelins
Armour
 y - a +0 kite shield
 T - a +2 hat (worn)
Jewellery
 p - a ring of ice (left tentacle)
 v - a ring of resist corrosion (right tentacle)
 F - a ring of magical power (on tentacle)
 I - a ring of poison resistance (on tentacle)
 S - a +6 ring of dexterity (on tentacle)
Talismans
 H - a blade talisman
 O - a flux talisman
Wands
 f - a wand of digging (3)
 M - a wand of acid (6)
Scrolls
 a - a scroll of vulnerability {unknown}
 b - a scroll of fog
 c - 2 scrolls of revelation
 k - 5 scrolls of enchant armour
 r - 5 scrolls of teleportation
 t - a scroll of noise {unknown}
 u - 2 scrolls of blinking {unknown}
 B - a scroll of summoning {unknown}
 C - a scroll of silence {unknown}
 J - a scroll of immolation {unknown}
 L - a scroll of torment {unknown}
 U - a scroll of identify
Potions
 g - a potion of resistance
 j - a potion of enlightenment {unknown}
 l - 2 potions of degeneration
 o - 5 potions of might
 q - a potion of berserk rage {unknown}
 w - 2 potions of cancellation
 z - 2 potions of magic
 D - a potion of mutation
 E - a potion of lignification {unknown}
 N - a potion of attraction
 P - a potion of experience
 R - a potion of heal wounds {unknown}


   Skills:
 * Level 10.1 Fighting
 + Level 7.0 Short Blades
 * Level 9.8 Dodging
 + Level 11.4 Stealth
 * Level 8.4 Shields


You had 8 spell levels left.
You knew the following spells:

 Your Spells              Type           Power      Damage    Failure   Level
a - Blink                 Tloc           0%         N/A       45%         2

Your spell library contained the following spells:

 Spells                   Type           Power      Damage    Failure   Level
 Summon Small Mammal      Summ           0%         N/A       32%         1
 Lesser Beckoning         Tloc           0%         N/A       45%         2
 Momentum Strike          Conj/Tloc      0%         3d8       45%         2
 Dazzling Flash           Conj/Hex       0%         N/A       69%         3
 Gell's Gravitas          Tloc           0%         N/A       69%         3
 Mephitic Cloud           Conj/Alch/Air  0%         N/A       69%         3
 Ozocubu's Armour         Ice            0%         N/A       69%         3
 Teleport Other           Tloc           0%         N/A       69%         3
 Anguish                  Hex/Necr       0%         N/A       97%         4
 Cause Fear               Hex            0%         N/A       97%         4
 Curse of Agony           Necr           0%         N/A       100%        5
 Metabolic Englaciation   Hex/Ice        0%         N/A       100%        5
 Silence                  Hex/Air        0%         N/A       100%        5
 Dispersal                Tloc           0%         N/A       100%        6
 Sculpt Simulacrum        Ice/Alch       0%         N/A       100%        6
 Enfeeble                 Hex            0%         N/A       100%        7


Dungeon Overview and Level Annotations

Branches:
Dungeon (9/15)             Temple (1/1) D:6          Bailey (visited)
   Lair: D:8-11         Orc: D:9-12

Altars:
Ashenzari
Cheibriados
Dithmenos
Elyvilon
Fedhas
Gozag
Hepliaklqana
Kikubaaqudgha
Makhleb
Nemelex Xobeh
Okawaru
Qazlal
Ru
Sif Muna
Trog
Uskayaw
Vehumet
Xom
Yredelemnul
Zin
The Shining One

Shops:
D:4 *

Annotations:
D:8 4 transporters, Maurice


Innate Abilities, Weirdness & Mutations

You cannot wear most types of armour.
You are amphibious.
You can wear up to eight rings at the same time.
Your skin changes colour to match your surroundings (Stealth+).
Your rubbery body absorbs attacks. (AC +1, EV +1)
((You are camouflaged when in or above water. (Stealth+)))
You have tentacles for arms and can constrict up to eight enemies at once.
You are agile. (Dex +4, Str/Int -1)
You possess an exceptional clarity of mind.


Message History

Things that are here:
+0 acid dragon scales; an acid dragon corpse A centaur warrior is nearby!
The entropy weaver changes into a harpy!
The centaur warrior wields a +0 shortbow.
The centaur warrior shoots an arrow.
The arrow hits you!!
* * * LOW HITPOINT WARNING * * *
The centaur warrior shoots an arrow.
The arrow hits you but does no damage.
You feel better.
You feel yourself speed up.
The centaur warrior shoots an arrow.
The arrow hits you!
* * * LOW HITPOINT WARNING * * *
The centaur warrior shoots an arrow.
The arrow barely misses you.
It was a potion of experience.
You feel more experienced!
Your Fighting skill increases to level 10!
Your Short Blades skill increases to level 7!
Your Dodging skill increases to level 9!
Your Stealth skill increases to level 11!
Your Shields skill increases to level 8!
You have reached level 11!
Okay, then.
It was a potion of mutation.
You feel extremely strange.
Your thoughts seem clearer.
You feel agile.
The harpy changes into a black mamba!
It was a potion of resistance.
You feel protected.
The centaur warrior shoots an arrow.
The arrow hits you!
* * * LOW HITPOINT WARNING * * *
It was a potion of attraction.
You feel attractive to monsters.
The centaur warrior is attracted toward you.
You hit the centaur warrior.
The centaur warrior is poisoned.
Your squeeze misses the centaur warrior.
The centaur warrior is lightly wounded.
It was a potion of brilliance.
You feel clever all of a sudden.
The centaur warrior unwields a +0 shortbow.
The centaur warrior hits you.
You die...

[..................
###.##........#.###
#.##..###.......#
#.##..##....#.###
##'#.............+
######.<..........#..#.
#....'......ยง.....#.##..
####.#.....c#......##..#
#.#....@.###c..##..##
#.#...........##.$##c
#.#......###.##..##.
#.#.........##..##..
#.#......#.##..##..#
#.#.......##..##:.##:##.
#.###+#..##..##)..+..)##
#.##......##..##)##..##.
#.##..#..#.##..###..##..


You could see a centaur warrior (very poisoned).

Vanquished Creatures
  Gastronok (D:8)
  A gargoyle (Bailey)
  A vampire (Bailey)
  An acid dragon (D:9)
  Menkaure (D:7)
  4 ice beasts
  A black bear (D:4)
  A sky beast (D:7)
  5 centaurs
  A phantom (D:5)
  2 kobold brigands (D:8)
  4 bullfrogs
  2 scorpions (D:4)
  A gnoll sergeant (D:8)
  A water moccasin zombie (D:5)
  10 wights
  7 killer bees
  2 howler monkeys
  6 wolf zombies (Bailey)
  9 vampire bats (Bailey)
  6 bombardier beetles
  2 hounds (D:6)
  An orc priest (D:7)
  2 jellies
  A centaur skeleton (D:5)
  A gnoll bouda (D:7)
  A bullfrog skeleton (D:5)
  A sleepcap (D:7)
  5 iguanas
  17 orc wizards
  A hound zombie (D:5)
  7 adders
  17 gnolls
  A white imp (D:5)
  An adder skeleton (D:5)
  3 ribbon worms
  3 dart slugs
  32 orcs
  12 ball pythons
  7 bats
  6 endoplasms
  2 giant cockroaches
  10 goblins
  7 hobgoblins
  4 jackals (D:2)
  18 kobolds
  5 quokkas
  A frilled lizard (D:1)
  23 orc zombies (Bailey)
  11 rats
269 creatures vanquished.

Vanquished Creatures (others)
  2 orc wizards
  An orc (D:9)
3 creatures vanquished.

Grand Total: 272 creatures vanquished

Notes
Turn   | Place    | Note
-------+----------+-------------------------------------------
     0 | D:5      | RancidPinata the Octopode Delver began the quest for the
                  | Orb.
     0 | D:5      | Reached XP level 1. HP: 16/16 MP: 1/1
     1 | D:6      | Noticed a hound
     7 | D:5      | Noticed a phantom
    45 | D:4      | Noticed an iguana
   176 | D:4      | Noticed an iguana
   350 | D:3      | Reached XP level 2. HP: 21/21 MP: 2/2
   394 | D:3      | Reached XP level 3. HP: 21/26 MP: 3/3
   574 | D:3      | Reached XP level 4. HP: 23/33 MP: 4/4
   684 | D:4      | Found an iron altar of Okawaru.
   701 | D:4      | Found Boll's Fire Supplies.
   779 | D:4      | Noticed a scorpion
   790 | D:4      | Reached skill level 7 in Stealth
   905 | D:4      | Noticed a black bear
  1014 | D:4      | Reached XP level 5. HP: 31/37 MP: 5/5
  1792 | D:4      | Found an opulent altar of Gozag.
  1792 | D:4      | Found a burning altar of Makhleb.
  1792 | D:4      | Found a hide-covered altar of Uskayaw.
  1824 | D:4      | Killed a black bear
  1825 | D:4      | Reached XP level 6. HP: 28/44 MP: 6/6
  2055 | D:4      | Reached skill level 5 in Fighting
  2055 | D:4      | Reached XP level 7. HP: 45/50 MP: 7/7
  2479 | D:3      | Found a glowing golden altar of the Shining One.
  4017 | D:1      | Reached skill level 8 in Stealth
  4259 | D:5      | Reached skill level 5 in Dodging
  4259 | D:5      | Reached skill level 1 in Shields
  4501 | D:5      | Reached XP level 8. HP: 52/57 MP: 8/8
  5108 | D:6      | Learned a level 2 spell: Blink
  5299 | D:6      | Noticed a wraith
  5844 | D:6      | Found a staircase to the Ecumenical Temple.
  5859 | Temple   | Entered the Ecumenical Temple
  5866 | Temple   | Became a worshipper of Ru the Awakened
  5901 | D:6      | Found a sparkling altar of Nemelex Xobeh.
  6173 | D:6      | Reached XP level 9. HP: 63/63 MP: 9/9
  6314 | D:7      | Reached skill level 9 in Stealth
  6932 | D:7      | Reached skill level 5 in Short Blades
  7420 | D:7      | Noticed Menkaure
  7422 | D:7      | Killed Menkaure
  7423 | D:7      | Reached skill level 5 in Shields
  7696 | D:8      | Found a flagged portal.
  8169 | Bailey   | Entered a bailey
  8513 | Bailey   | Reached XP level 10. HP: 66/72 MP: 10/10
  8993 | Bailey   | Noticed a gargoyle
  9002 | Bailey   | Killed a gargoyle
  9003 | Bailey   | Reached skill level 10 in Stealth
 10235 | Bailey   | Identified the +9 mace "Jellyslayer" {freeze, rF+}
 10666 | D:8      | Noticed Gastronok
 10691 | D:8      | Killed Gastronok
 11046 | D:8      | Noticed Maurice
 11071 | D:8      | Found a transporter.
 11075 | D:8      | Found a transporter.
 11140 | D:8      | Found a transporter.
 11264 | D:8      | Found a transporter.
 11318 | D:8      | Found an ancient bone altar of Kikubaaqudgha.
 11320 | D:8      | Found a shimmering blue altar of Sif Muna.
 11439 | D:8      | Got Sif Muna's Thoughts on the Mob
 11448 | D:8      | Found a radiant altar of Vehumet.
 12218 | D:9      | Noticed a centaur warrior
 12263 | D:9      | Noticed a guardian serpent
 12296 | D:9      | Noticed an entropy weaver
 12311 | D:9      | an entropy weaver changed into a harpy
 12311 | D:9      | Noticed a harpy (shapeshifter)
 12336 | D:9      | Reached skill level 10 in Fighting
 12336 | D:9      | Reached skill level 11 in Stealth
 12336 | D:9      | Reached XP level 11. HP: 14/81 MP: 11/11
 12337 | D:9      | Gained mutation: You possess an exceptional clarity of
                  | mind. [potion of mutation]
 12337 | D:9      | Gained mutation: You are agile. (Dex +4, Str/Int -1)
                  | [potion of mutation]
 12337 | D:9      | a harpy changed into a black mamba
 12339 | D:9      | HP: 4/81 [centaur warrior/arrow (11)]
 12344 | D:9      | Slain by a centaur warrior

Illustrated notes

Levels and vault maps discovered:
D:1:      dpeg_arrival_windows_large_door, layout_rooms, hex_medium
D:2:      minmay_thinvault, layout_rooms, nrook_uturn, grunt_decor_mini_mirrors
D:3:      minmay_inner_zag, layout_rooms, tso_oasis_becter, corner_web_ring,
          kennysheep_another_room, interstate_on_off,
          chequers_serial_rivers_micro_c
D:4:      layout_basic, gammafunk_temple_overflow_claw,
          okawaru_ov_weapons_minmay, grunt_decor_junction,
          nicolae_shop_fire_sale [nicolae_sub_dead_trees]
D:5:      layout_cave_pools, serial_undead, serial_undead_f, serial_undead_e,
          serial_undead_a, serial_undead_f, minmay_stone_trees_medium,
          serial_bayou_pond_b
D:6:      minmay_thick_lines, layout_loops_cross, nemelex_spade_bored_becter,
          minmay_temple_entry_statues_fountains
D:7:      layout_basic, uniq_menkaure
D:8:      layout_loops_ring, palyth_temple_overflow_mages, enter_bailey_3,
          nicolae_diode_intersection, uniq_maurice, uniq_gastronok
D:9:      layout_basic, minmay_diamond_spiral
Temple:   nicolae_temple_x_marks_the_god

Skill      XL: |  1  2  3  4  5  6  7  8  9 10 |
---------------+-------------------------------+-----
Dodging        | 3 4 5 6 7 9 |  9.8
Stealth        | 7 8 9 11 | 11.4
Fighting       | 4 5 6 7 10 | 10.1
Short Blades   | 3 4 5 7 |  7.0
Shields        | 1 3 5 8 |  8.4

Action                     |  1- 3 |  4- 6 |  7- 9 | 10-12 || total
---------------------------+-------+-------+-------+-------++-------
  Melee: Short sword       |    54 |    36 |   314 |   253 ||   657
         Constrict         |    13 |    15 |    78 |    52 ||   158
         Tentacles         |     9 |    18 |   114 |    75 ||   216
         Punch             |     1 |     1 |     8 |     5 ||    15
         Dagger            |       |    38 |    62 |     5 ||   105
  Throw: Javelin           |       |       |       |    35 ||    35
         Boomerang         |       |       |       |    35 ||    35
         Dart              |       |       |       |     2 ||     2
 Invoke: Reject Sacrifices |       |       |     1 |     1 ||     2
  Evoke: Wand              |       |       |       |     2 ||     2
    Use: Scroll            |       |       |     8 |       ||     8
         Potion            |       |       |     6 |     8 ||    14
   Stab: Sleeping          |     7 |     3 |    49 |    16 ||    75
         Distracted        |       |     1 |     1 |     1 ||     3
 Armour: Skin              |    22 |    34 |   148 |   102 ||   306
  Dodge: Dodged            |    18 |    39 |   243 |   170 ||   470
